 Dungeon Crawl Stone Soup version 0.20.1-1-g8b1a95d (webtiles) character file.

14916 Peloso the Carver (level 11, 0/100 HPs)
             Began as a Deep Dwarf Fighter on Aug 18, 2017.
             Was a High Priest of Okawaru.
             Slain by a 13-headed hydra (8 damage)
             ... on level 1 of the Lair of Beasts.
             The game lasted 00:41:16 (9562 turns).

Peloso the Carver (Deep Dwarf Fighter)              Turns: 9562, Time: 00:41:16

Health: 0/100      AC: 16    Str: 23    XL:     11   Next: 95%
Magic:  4/4        EV:  8    Int:  9    God:    Okawaru [*****.]
Gold:   382        SH: 13    Dex: 12    Spells: 10/10 levels left

rFire    + . .     SeeInvis .   A - +9 sword of Zonguldrok {reap}
rCold    . . .     Gourm    +   c - +1 shield
rNeg     . . .     Faith    .   e - +0 plate armour
rPois    .         Spirit   .   o - +0 helmet
rElec    .         Reflect  .   (no cloak)
rCorr    .         Harm     .   m - +0 pair of gloves
MR       +....                  (no boots)
Stlth    ..........             V - amulet of the gourmand
Regen    0.0/turn               Q - +2 ring of evasion
MPRegen  0.1/turn               d - ring of protection from fire

@: non-regenerating, drained
A: damage resistance, heal wounds, sense surroundings 2, no regeneration
a: Heal Wounds, Heroism, Finesse, Renounce Religion


You were on level 1 of the Lair of Beasts.
You worshipped Okawaru.
Okawaru was extremely pleased with you.
You were not hungry.

You visited 3 branches of the dungeon, and saw 12 of its levels.
You also visited: Ossuary.

You collected 598 gold pieces.
You spent 216 gold pieces at shops.

Inventory:

Hand Weapons
 n - a +1 long sword of electrocution
 A - the +9 sword of Zonguldrok (weapon) {reap}
   (You found it on level 5 of the Dungeon)

   If a monster killed with it leaves a corpse in good enough shape, the corpse
   will be animated as a zombie friendly to the killer.
 D - the +5 rapier of Sloth {elec, rElec rC++ Str+2 Dex-3}
   (You bought it in a shop on level 7 of the Dungeon)

   Occasionally, upon striking a foe, it will discharge some electrical energy
   and cause terrible harm.
   It affects your strength (+2).
   It affects your dexterity (-3).
   It greatly protects you from cold.
   It insulates you from electricity.
 P - a +0 scimitar of flaming
Missiles
 r - 29 bolts
Armour
 c - a +1 shield (worn)
 e - a +0 plate armour (worn)
 m - a +0 pair of gloves (worn)
 o - a +0 helmet (worn)
Jewellery
 d - a ring of protection from fire (right hand)
 j - an uncursed ring of positive energy
 s - an uncursed ring of wizardry
 x - an uncursed ring of stealth
 Q - a +2 ring of evasion (left hand)
 V - an amulet of the gourmand (around neck)
 W - an uncursed ring of stealth
Wands
 y - a wand of paralysis (9/24)
 E - a wand of flame (24/48)
 H - a wand of iceblast (2/15)
 L - a wand of lightning (7/15)
 S - a wand of disintegration (14/24)
Scrolls
 g - 6 scrolls of teleportation
 h - 7 scrolls of identify
 k - a scroll of amnesia
 p - 3 scrolls of recharging
 t - a scroll of fog
 u - 3 scrolls of remove curse
 w - a scroll of enchant weapon
 F - 2 scrolls of blinking
 I - a scroll of silence
 K - a scroll of enchant armour
 M - a scroll of magic mapping
 R - a scroll of fear
Potions
 a - a potion of invisibility
 b - 4 potions of might
 v - a potion of cancellation
 B - 2 potions of agility
 G - a potion of curing
 J - 2 potions of heal wounds
 N - 2 potions of haste
 O - a potion of magic
Books
 i - a book of Maledictions

   Spells                             Type                      Level
   a - Corona                         Hexes                        1
   b - Ensorcelled Hibernation        Hexes/Ice                    2
   c - Confuse                        Hexes                        3
   d - Tukima's Dance                 Hexes                        3
   e - Dazzling Spray                 Conjuration/Hexes            3
 C - a book of Changes

   Spells                             Type                      Level
   a - Beastly Appendage              Transmutation                1
   b - Sticks to Snakes               Transmutation                2
   c - Spider Form                    Transmutation/Poison         3
   d - Ice Form                       Ice/Transmutation            4
   e - Blade Hands                    Transmutation                5
Miscellaneous
 z - a phantom mirror
 T - a phial of floods
Comestibles
 f - 6 bread rations
 l - a royal jelly
 q - 7 meat rations


   Skills:
 + Level 7.2(7.1) Fighting
 + Level 2.0(8.1) Short Blades
 + Level 13.1(13.0) Long Blades
   Level 1.2(1.0) Maces & Flails
 + Level 9.1(9.0) Armour
 + Level 1.8(1.6) Dodging
 + Level 2.0(1.8) Stealth
 + Level 10.0(9.8) Shields
 + Level 1.1(1.0) Invocations


You had 10 spell levels left.
You didn't know any spells.

Dungeon Overview and Level Annotations

Branches:
Dungeon (10/15)            Temple (1/1) D:4            Lair (1/6) D:8
    Orc (0/2) D:9

Altars:
Ashenzari
Cheibriados
Dithmenos
Elyvilon
Fedhas
Gozag
Hepliaklqana
Kikubaaqudgha
Makhleb
Nemelex Xobeh
Okawaru
Qazlal
Ru
Sif Muna
Trog
Uskayaw
Vehumet
Xom
Yredelemnul
Zin
The Shining One

Shops:
D:7 (


Innate Abilities, Weirdness & Mutations

You are resistant to damage.
You can heal yourself by infusing magical energy.
You passively map the area around you.
You do not regenerate.


Message History

The 12-headed hydra bites you!
* * * LOW HITPOINT WARNING * * *
You block the 12-headed hydra's attack. x2
The 12-headed hydra bites you but does no damage.
The 12-headed hydra bites you.
* * * LOW HITPOINT WARNING * * *
The 12-headed hydra barely misses you. The 12-headed hydra bites you!
* * * LOW HITPOINT WARNING * * *
The 12-headed hydra bites you but does no damage.
The 12-headed hydra barely misses you.
A hippogriff comes into view.
Unknown command.
The hippogriff screeches!
You hack one of the 12-headed hydra's heads off!
The 11-headed hydra grows two more!
You slice the 13-headed hydra!!
The 13-headed hydra is heavily wounded.
The hippogriff moves out of view.
The 13-headed hydra bites you but does no damage.
The 13-headed hydra bites you!
You die... ............ * , , ......................., ...................... ....................., ..# ............ ....... ,...## ............ .hh.. .... ..........., Fhh,

...# ...####..#....P#D# *
#..#
...#.....#....##@#####...##
.........#....##.....##...#
...#.....#....##.........#*
...#.....+....##.....##..#
...#.....#....P#.....##..#
...#.....#....#########..#
...####PP.....#########..#
.........................#
.........................#


You could see a 13-headed hydra, 4 wolves and a bullfrog.

Vanquished Creatures
  Erolcha (D:10)
  Josephine (D:10)
  The ghost of nataq the Fighter, a journeyman DsFi of Dithmenos (D:10)
  Erica (D:8)
  A two-headed ogre (D:10)
  Nergalle (D:9)
  The ghost of gyp21 the Thaumaturge, a novice DECj of Sif Muna (D:8)
  The ghost of grinvi4 the Destroyer, a novice DECj of Sif Muna (D:7)
  A black mamba (Lair:1)
  A rime drake (Lair:1)
  A troll (D:8)
  Grinder (D:5)
  3 hippogriffs
  3 yaks
  4 wraiths (D:10)
  2 humans (D:7)
  3 hungry ghosts
  Eustachio (D:5)
  A steam dragon (D:5)
  The ghost of grinvi4 the Sneak, an amateur OpAs (D:4)
  The ghost of grinvi4 the Sneak, an amateur OpAs (D:3)
  Menkaure (D:6)
  A water moccasin (D:5)
  6 orc warriors
  2 black bears
  6 ice beasts
  4 phantoms
  2 necrophages
  7 ogres
  2 wolves (D:8)
  3 centaurs
  Blork the orc (D:4)
  An elf zombie (Ossuary)
  4 bullfrogs
  A water moccasin zombie (D:5)
  A wyvern zombie (D:10)
  A wyvern skeleton (D:9)
  2 scorpions
  6 killer bees
  5 electric eels
  6 howler monkeys
  4 crimson imps
  2 centaur zombies (Ossuary)
  2 bullfrog zombies
  3 jellies
  6 hounds
  9 orc wizards
  2 orc priests
  2 bullfrog skeletons
  A centaur skeleton (D:8)
  7 iguanas
  11 worker ants
  3 ogre zombies (Ossuary)
  A big kobold zombie (Ossuary)
  2 hound skeletons
  7 mummies (Ossuary)
  16 adders
  7 gnolls
  2 shadow imps
  3 adder zombies (Ossuary)
  2 adder skeletons
  3 worms
  3 dart slugs
  5 leopard geckos
  32 orcs
  8 bats
  7 giant cockroaches
  9 hobgoblins
  12 jackals
  2 quokkas
  A ball python (D:3)
  5 frilled lizards
  10 goblins
  5 goblin zombies (Ossuary)
  2 hobgoblin zombies (Ossuary)
  A jackal zombie (D:7)
  11 kobolds
  4 kobold zombies (Ossuary)
  A leopard gecko skeleton (D:4)
  An orc zombie (Ossuary)
  A quokka skeleton (D:4)
  3 quokka zombies (Ossuary)
  7 rats
  5 rat zombies (Ossuary)
323 creatures vanquished.

Vanquished Creatures (collateral kills)
  A troll (D:10)
  A yak (D:10)
  An eye of draining (D:10)
  A howler monkey (D:10)
  A crimson imp (D:6)
  A hound (D:8)
  A killer bee zombie (D:7)
  A shadow imp (D:10)
8 creatures vanquished.

Vanquished Creatures (others)
  A fungus (Lair:1)
  A plant (Lair:1)
2 creatures vanquished.

Grand Total: 333 creatures vanquished

Notes
Turn   | Place    | Note
-------+----------+-------------------------------------------
     0 | D:1      | Peloso the Deep Dwarf Fighter began the quest for the Orb.
     0 | D:1      | Reached XP level 1. HP: 20/20 MP: 1/1
   113 | D:1      | Reached XP level 2. HP: 21/27 MP: 2/2
   445 | D:1      | Reached XP level 3. HP: 21/33 MP: 3/3
   531 | D:1      | You fall through a shaft!
   876 | D:2      | Reached skill level 3 in Long Blades
  1369 | D:3      | Reached XP level 4. HP: 40/40 MP: 4/4
  1984 | D:3      | Noticed grinvi4's ghost (amateur OpAs)
  2002 | D:3      | Killed grinvi4's ghost
  2002 | D:3      | Reached XP level 5. HP: 35/49 MP: 4/4
  2069 | D:2      | Reached skill level 4 in Long Blades
  2113 | D:4      | Noticed an ogre
  2135 | D:4      | Killed an ogre
  2135 | D:4      | Reached XP level 6. HP: 19/56 MP: 5/5
  2203 | D:4      | Noticed Blork the orc
  2225 | D:4      | Killed Blork the orc
  2225 | D:4      | Reached skill level 5 in Armour
  2258 | D:4      | Reached skill level 1 in Maces & Flails
  2293 | D:4      | Noticed grinvi4's ghost (amateur OpAs)
  2304 | D:4      | Killed grinvi4's ghost
  2304 | D:4      | Reached XP level 7. HP: 41/62 MP: 5/5
  2405 | D:4      | Found a staircase to the Ecumenical Temple.
  2414 | Temple   | Entered the Ecumenical Temple
  2568 | D:4      | Reached skill level 1 in Dodging
  2603 | D:4      | Reached skill level 5 in Long Blades
  2603 | D:4      | Reached skill level 5 in Shields
  2928 | D:5      | Entered Level 5 of the Dungeon
  3119 | D:5      | Found a sacrificial altar of Ru.
  3180 | D:5      | Reached XP level 8. HP: 38/72 MP: 5/5
  3333 | D:5      | Reached skill level 6 in Long Blades
  3603 | D:5      | Found a large runed door.
  3605 | D:5      | Found a large runed door.
  3623 | D:5      | Noticed Eustachio
  3647 | D:5      | Killed Eustachio
  3658 | D:5      | Reached skill level 7 in Long Blades
  3664 | D:5      | Found a large runed door.
  3664 | D:5      | Found a large runed door.
  3691 | D:5      | Noticed Grinder
  3713 | D:5      | Paralysed by Grinder for 6 turns
  3727 | D:5      | Killed Grinder
  3836 | D:5      | Reached skill level 1 in Stealth
  4023 | D:5      | Gained mutation: You passively map the area around you. [Deep Dwarf growth]
  4023 | D:5      | Reached XP level 9. HP: 45/79 MP: 6/6
  4411 | D:6      | Reached skill level 8 in Long Blades
  4565 | D:6      | Reached skill level 5 in Fighting
  4614 | D:6      | Found a shadowy altar of Dithmenos.
  4854 | D:6      | Noticed Menkaure
  4857 | D:6      | Killed Menkaure
  4913 | D:6      | Reached skill level 9 in Long Blades
  5170 | D:6      | Found a burning altar of Makhleb.
  5241 | D:7      | Found an iron altar of Okawaru.
  5274 | D:7      | Became a worshipper of Warmaster Okawaru
  5339 | D:7      | Identified a scroll of acquirement
  5365 | D:7      | Reached XP level 10. HP: 55/88 MP: 6/6
  5403 | D:7      | Noticed grinvi4's ghost (novice DECj)
  5417 | D:7      | Killed grinvi4's ghost
  5417 | D:7      | Reached * piety under Okawaru
  5423 | D:7      | Found a glowing golden altar of the Shining One.
  5498 | D:7      | Reached skill level 10 in Long Blades
  5658 | D:7      | Found Gaopn's Antique Weapon Shoppe.
  5666 | D:7      | Bought a dazzling rapier for 216 gold pieces
  5668 | D:7      | Identified the +5 rapier of Sloth {elec, rElec rC++ Str+2 Dex-3} (You bought it in a shop on level 7 of the Dungeon)
  6059 | D:8      | Reached ** piety under Okawaru
  6125 | D:8      | Found a sand-covered staircase.
  6130 | Ossuary  | Entered an ossuary
  6615 | D:8      | Found a staircase to the Lair.
  6820 | D:8      | Reached skill level 11 in Long Blades
  6902 | D:8      | Reached skill level 1 in Short Blades
  6918 | D:8      | Noticed gyp21's ghost (novice DECj)
  6930 | D:8      | Killed gyp21's ghost
  6930 | D:8      | Reached *** piety under Okawaru
  7120 | D:8      | Noticed Erica
  7134 | D:8      | Killed Erica
  7134 | D:8      | Reached XP level 11. HP: 36/97 MP: 6/6
  7434 | D:9      | Found a staircase to the Orcish Mines.
  7607 | D:9      | Found a stormy altar of Qazlal.
  7676 | D:9      | Found a hazy altar of Hepliaklqana.
  7774 | D:9      | Got an ichor-stained scale mail
  8326 | Lair:1   | Entered Level 1 of the Lair of Beasts
  8421 | Lair:1   | Reached **** piety under Okawaru
  8557 | D:5      | Reached skill level 12 in Long Blades
  8585 | D:5      | Identified the cursed +0 scale mail "Dajump" {Stlth+} (You found it on level 9 of the Dungeon)
  8717 | D:10     | Entered Level 10 of the Dungeon
  8717 | D:10     | Noticed Nergalle
  8717 | D:10     | Noticed nataq's ghost (journeyman DsFi)
  8728 | D:9      | Killed Nergalle
  8760 | D:10     | Killed nataq's ghost
  8777 | D:10     | Noticed a two-headed ogre
  8782 | D:10     | Killed a two-headed ogre
  8796 | D:10     | Noticed Erolcha
  8805 | D:10     | Killed Erolcha
  8805 | D:10     | Reached ***** piety under Okawaru
  9029 | D:10     | Noticed Josephine
  9041 | D:10     | Killed Josephine
  9041 | D:10     | Received a gift from Okawaru
  9041 | D:10     | Reached skill level 13 in Long Blades
  9041 | D:10     | Reached skill level 1 in Invocations
  9057 | D:10     | Got a warped cloak {god gift}
  9063 | D:10     | Identified the -6 cloak of Altruism {Int+2 Stlth+} (Okawaru gifted it to you on level 10 of the Dungeon)
  9136 | D:10     | Reached skill level 10 in Shields
  9555 | Lair:1   | Noticed an eight-headed hydra
  9562 | Lair:1   | Slain by a 13-headed hydra

Skill      XL: |  1  2  3  4  5  6  7  8  9 10 11 |
---------------+----------------------------------+-----
Shields        | 4 5 6 7 9 10 | 10.0
Long Blades    | 3 4 5 7 9 11 13 | 13.1
Fighting       | 3 4 5 6 7 |  7.2
Armour         | 4 5 6 7 8 9 |  9.1
Maces & Flails | 1 |  1.2
Dodging        | 1 |  1.8
Stealth        | 1 2 |  2.0
Short Blades   | 2 |  2.0
Invocations    | 1 |  1.1

Action                   |  1- 3 |  4- 6 |  7- 9 | 10-12 || total
-------------------------+-------+-------+-------+-------++-------
Melee: Long sword        |   153 |    89 |   343 |    23 ||   608
       Flail             |       |    60 |       |       ||    60
       Double sword      |       |       |   108 |   408 ||   516
       Rapier            |       |       |       |    49 ||    49
       Scimitar          |       |       |       |    29 ||    29
Invok: Heroism           |       |       |       |     3 ||     3
 Abil: Heal Wounds       |     1 |     3 |    10 |    10 ||    24
Evoke: Wand              |       |       |       |     3 ||     3
  Use: Potion            |       |     3 |       |     2 ||     5
       Scroll            |       |       |    15 |    12 ||    27
 Stab: Distracted        |       |       |     1 |     1 ||     2
  Eat: Chunk             |     1 |     4 |     7 |     8 ||    20
       Fruit             |       |       |     3 |     4 ||     7
       Royal jelly       |       |       |       |     5 ||     5
Armor: Scale mail        |    76 |       |       |       ||    76
       Chain mail        |       |    79 |    46 |       ||   125
       Plate armour      |       |       |   145 |   182 ||   327
Dodge: Dodged            |    58 |    31 |    77 |    90 ||   256
Block: Shield            |    78 |    86 |   214 |   272 ||   650
       Rpst.: Long sword |    20 |     6 |    18 |       ||    44
       Double sword      |       |       |     5 |    21 ||    26
       Scimitar          |       |       |       |     1 ||     1
